 Dungeon Sprint DCSS version 0.17.0-24-gcfadda4 (webtiles) character file.

76847 Kidiri the Impregnable (level 15, -1/147 HPs)
             Began as a Minotaur Fighter on Nov 16, 2015.
             Was a High Priest of Okawaru.
             Killed by an exploding ball lightning (3 damage)
             ... created by Lom Lobon
             ... in the Dungeon (Sprint VII: "The Pits").
             The game lasted 00:48:04 (6541 turns).

Kidiri the Impregnable (Minotaur Fighter)           Turns: 6541, Time: 00:48:05

Health: -1/147     AC: 46    Str: 35    XL:     15   Next: 13%
Magic:  11/33      EV: 24    Int:  7    God:    Okawaru [*****.]
Gold:   20         SH: 30    Dex: 14    Spells: 0 memorised, 14 levels left

rFire  + + +     SeeInvis .     H - +8 mace of Earthquakes {crush, *Corrode rN+++ MP+9 Dex-5}
rCold  + + +     Clarity  .     k - +2 gold dragon armour
rNeg   + + +     SustAt   .     t - +1 large shield
rPois  +         Gourm    .     (helmet restricted)
rElec  +         Spirit   .     g - +1 cloak {rPois}
rCorr  +         Warding  .     x - +4 pair of gloves of Zuezap {rCorr}
rMut   .         NoTele   +     I - +3 pair of boots of Blue Skies {Str+3 Int+2}
MR     ++...                    b - amulet of Agrum {Faith rF+ MR+ Str+4}
Stlth  ..........               U - ring "Tiat" {rF++ rN+ Slay-2}
                                J - ring of Lokuh {*Confuse rElec rF+ rC+ AC+3}

@: mighty, agile, exhausted, resistant, heroism, frozen, slowed, studying 2
skills, very slow, very resistant to hostile enchantments, extremely unstealthy
A: retaliatory headbutt, horns 2
a: Heroism, Finesse, Renounce Religion


You were in the Dungeon.
You worshipped Okawaru.
Okawaru was extremely pleased with you.
You were not hungry.

You visited 1 branch You collected 20 gold pieces.

Inventory:

Hand Weapons
 H - the +8 mace of Earthquakes (weapon) {crush, *Corrode rN+++ MP+9 Dex-5}
   (Okawaru gifted it to you in the Dungeon)

   It inflicts extra damage upon your enemies.
   It affects your dexterity (-5).
   It renders you almost immune to negative energy.
   It affects your magic capacity (+9).
   It may corrode your equipment when you take damage.
Missiles
 l - 7 poisoned javelins (quivered)
 s - 8 javelins of returning
 F - 4 poisoned tomahawks
 G - 4 tomahawks
Armour
 g - a +1 cloak of poison resistance (worn)
 k - a +2 gold dragon armour (worn)
 t - a +1 large shield (worn)
 x - the +4 pair of gloves of Zuezap (worn) {rCorr}
   (Okawaru gifted it to you in the Dungeon)

   It protects you from acid and corrosion.
 I - the +3 pair of boots of Blue Skies (worn) {Str+3 Int+2}
   (Okawaru gifted it to you in the Dungeon)

   It affects your strength (+3).
   It affects your intelligence (+2).
Jewellery
 b - the amulet of Agrum (around neck) {Faith rF+ MR+ Str+4}
   (You found it in the Dungeon)

   [amulet of faith]

   It allows you to gain divine favour quickly.
   It affects your strength (+4).
   It protects you from fire.
   It affects your resistance to hostile enchantments.
 J - the ring of Lokuh (left hand) {*Confuse rElec rF+ rC+ AC+3}
   (You took it off a deep elf master archer in the Dungeon)

   [ring of protection]

   It affects your AC (+3).
   It protects you from fire.
   It protects you from cold.
   It insulates you from electricity.
   It may confuse you when you take damage.
 U - the ring "Tiat" (right hand) {rF++ rN+ Slay-2}
   (You found it in the Dungeon)

   [ring of positive energy]

   It affects your accuracy and damage with ranged weapons and melee attacks
   (-2).
   It greatly protects you from fire.
   It protects you from negative energy.
Wands
 V - a wand of flame (6)
 X - a wand of hasting (5)
 Y - a wand of heal wounds (2)
Scrolls
 p - 4 scrolls of remove curse
 q - 5 scrolls of amnesia
 r - a scroll of summoning
 y - 3 scrolls of identify
 A - 2 scrolls of fear
 B - a scroll of recharging
Potions
 d - a potion of might
 f - 3 potions of curing
 h - 2 potions of haste
 i - 4 potions of magic
 j - 3 potions of berserk rage
 o - 2 potions of invisibility
 u - a potion of brilliance
 z - a potion of ambrosia
 W - a potion of cure mutation
Books
 a - a manual of Stealth
 Z - a manual of Fighting
Comestibles
 e - 6 bread rations
 m - 40 fruits
 n - 7 meat rations
 L - 12 royal jellies


   Skills:
 + Level 17.6(22.6) Fighting
 * Level 22.0(27) Maces & Flails
 + Level 12.8(17.8) Throwing
 * Level 22.1(27) Armour
 + Level 15.2(20.2) Dodging
 + Level 6.5(11.5) Stealth
 * Level 22.1(27) Shields
 + Level 14.1 Invocations
 * Level 7.0 Evocations


You had 14 spell levels left.
You didn't know any spells.

Dungeon Overview and Level Annotations

Branches:
Dungeon (1/1)

Altars:
Ashenzari
Cheibriados
Dithmenos
Elyvilon
Fedhas
Gozag
Kikubaaqudgha
Makhleb
Nemelex Xobeh
Okawaru
Qazlal
Ru
Sif Muna
Trog
Vehumet
Xom
Yredelemnul
Zin
The Shining One
Beogh
Jiyva
Lugonu

Annotations:
D Lom Lobon


Innate Abilities, Weirdness & Mutations

You reflexively headbutt those who attack you in melee.
You have a pair of horns on your head.


Message History

You are too injured to fight recklessly!
You are too injured to fight recklessly!
You are too injured to fight recklessly!
You are too injured to fight recklessly!
Evoke which item? (* to show all) (? for menu, Esc to quit)
Zapping:
Y - a wand of heal wounds (3)
Press: ? - help, Shift-Dir - straight line, f - you You feel much better.
This wand has 2 charges left.
You are engulfed in freezing vapours.
You resist. The ice encasing you melts away.
Lom Lobon gestures.
Lom Lobon gestures at you.
Lom Lobon conjures a mighty blast of ice!
The great icy blast engulfs you! You partially resist.
* * * LOW HITPOINT WARNING * * *
You are encased in ice.
The great icy blast engulfs the ball lightning.
The ball lightning partially resists.
The ball lightning explodes!
The blast of lightning engulfs you! You resist.
You die...

#+#
#&#
#@#
#ยง#
#+#
#.#
#'#
#(#
#(#
#.#
#'#


You could see Lom Lobon.

Vanquished Creatures
  A deep elf blademaster (D)
  2 Hell Sentinels (D)
  3 deep elf master archers (D)
  A sphinx (D)
  A storm dragon (D)
  2 greater nagas (D)
  A deep elf sorcerer (D)
  2 draconian knights (D)
  2 orc warlords (D)
  A draconian scorcher (D)
  A frost giant (D)
  A balrug (D)
  An angel (D)
  An ophan (D)
  A deep elf demonologist (D)
  2 black draconians (D)
  A red draconian (D)
  A deep elf annihilator (D)
  An eidolon (D)
  A yellow draconian (D)
  2 deep elf death magi (D)
  A merfolk impaler (D)
  A blizzard demon (D)
  A mummy priest (D)
  2 vault guards (D)
  Josephine (D)
  A deep elf high priest (D)
  A death knight (D)
  4 naga warriors (D)
  A merfolk avatar (D)
  A rakshasa (D)
  An ogre mage (D)
  A vampire mage (D)
  A spriggan (D)
  3 deep elf knights (D)
  A sun demon (D)
  An iron troll (D)
  A spriggan druid (D)
  A wizard (D)
  3 skeletal warriors (D)
  2 swamp dragons (D)
  A sea snake (D)
  2 flayed ghosts (D)
  A phantasmal warrior (D)
  A deep troll (D)
  10 orc knights (D)
  A wolf spider (D)
  A griffon (D)
  A hornet (D)
  An elephant (D)
  2 manticores (D)
  A naga mage (D)
  A guardian serpent (D)
  A gargoyle (D)
  An orange demon (D)
  A demonic crawler (D)
  2 fire drakes (D)
  A deep elf priest (D)
  A hellwing (D)
  A troll (D)
  A red devil (D)
  A polar bear (D)
  A giant leech (D)
  2 merfolk (D)
  5 two-headed ogres (D)
  A freezing wraith (D)
  A snapping turtle (D)
  2 bog bodies (D)
  5 blink frogs (D)
  A trapdoor spider (D)
  5 deep elf fighters (D)
  A wyvern (D)
  A hungry ghost (D)
  8 wraiths (D)
  2 hippogriffs (D)
  An air elemental (D)
  4 wolves (D)
  A neqoxec (D)
  A mottled dragon (D)
  A wasp (D)
  4 orc warriors (D)
  A swamp drake (D)
  An ice beast (D)
  A sky beast (D)
  4 centaurs (D)
  5 ogres (D)
  3 small abominations (D)
  A giant frog (D)
  3 earth elementals (D)
  A big kobold (D)
  7 killer bees (D)
  2 hounds (D)
  An orc priest (D)
  An orc wizard (D)
  An iguana (D)
  A quasit (D)
  An adder (D)
  A giant eyeball (D)
  2 ufetubi (D)
  An ooze (D)
  7 orcs (D)
  A giant cockroach (D)
  7 jackals (D)
  2 quokkas (D)
  A bat (D)
  A giant newt (D)
  A jackal zombie (D)
  A rat (D)
  A crawling corpse (D)
  A macabre mass (D)
199 creatures vanquished.

Vanquished Creatures (others)
  A greater mummy (D)
  2 titans (D)
  An acid blob (D)
  A deep elf blademaster (D)
  A deep elf master archer (D)
  A lich (D)
  A sphinx (D)
  3 greater nagas (D)
  A draconian knight (D)
  A fire giant (D)
  A draconian scorcher (D)
  A ghost moth (D)
  A frost giant (D)
  A ghoul (D)
  A reaper (D)
  A black draconian (D)
  A death ooze (D)
  2 mummy priests (D)
  A vault guard (D)
  A hydra (D)
  2 hell beasts (D)
  A death knight (D)
  A catoblepas (D)
  3 ball lightnings (D)
  A soul eater (D)
  An unseen horror (shapeshifter) (D)
  An eye of devastation (D)
  A bog body (D)
  A necrophage (D)
  A giant eyeball (D)
  An adder zombie (D)
38 creatures vanquished.

Grand Total: 237 creatures vanquished

Notes
Turn   | Place    | Note
--------------------------------------------------------------
     0 | D        | Kidiri the Minotaur Fighter began the quest for the Orb.
     0 | D        | Reached XP level 1. HP: 19/19 MP: 0/0
     6 | D        | Killed a death ooze
    42 | D        | Reached skill level 4 in Shields
    83 | D        | Found a sacrificial altar of Ru.
    83 | D        | Found a basalt altar of Yredelemnul.
    83 | D        | Found a shadowy altar of Dithmenos.
    83 | D        | Found a deep blue altar of Sif Muna.
    83 | D        | Found a burning altar of Makhleb.
    83 | D        | Found a shimmering altar of Xom.
    83 | D        | Found an ancient bone altar of Kikubaaqudgha.
    83 | D        | Found a sparkling altar of Nemelex Xobeh.
    84 | D        | Found a glowing golden altar of the Shining One.
    84 | D        | Found a bloodstained altar of Trog.
    84 | D        | Found a shattered altar of Ashenzari.
    84 | D        | Found a white marble altar of Elyvilon.
    84 | D        | Found a snail-covered altar of Cheibriados.
    84 | D        | Found a blossoming altar of Fedhas.
    84 | D        | Found a radiant altar of Vehumet.
    84 | D        | Found a glowing silver altar of Zin.
    84 | D        | Found a corrupted altar of Lugonu.
    84 | D        | Found a viscous altar of Jiyva.
    84 | D        | Found a roughly hewn altar of Beogh.
    84 | D        | Found an iron altar of Okawaru.
    90 | D        | Found a stormy altar of Qazlal.
    90 | D        | Found an opulent altar of Gozag.
    92 | D        | Killed a mummy priest
    93 | D        | Became a worshipper of Warmaster Okawaru
   100 | D        | Killed a ghost moth
   114 | D        | Paralysed by a giant eyeball for 4 turns
   120 | D        | Reached XP level 2. HP: 27/27 MP: 1/1
   132 | D        | Reached skill level 1 in Dodging
   132 | D        | Reached skill level 1 in Invocations
   203 | D        | Noticed a quasit
   214 | D        | Killed a quasit
   214 | D        | Reached skill level 5 in Armour
   214 | D        | Reached skill level 5 in Shields
   214 | D        | Reached XP level 3. HP: 27/34 MP: 1/3
   300 | D        | Killed a soul eater
   314 | D        | Noticed an orc warrior
   314 | D        | Noticed a centaur
   316 | D        | Noticed a hungry ghost
   335 | D        | Killed a hungry ghost
   335 | D        | Reached * piety under Okawaru
   335 | D        | Reached skill level 5 in Fighting
   335 | D        | Reached skill level 7 in Maces & Flails
   335 | D        | Reached XP level 4. HP: 39/44 MP: 3/5
   335 | D        | Reached XP level 5. HP: 44/50 MP: 3/6
   343 | D        | Killed a centaur
   343 | D        | Reached skill level 8 in Armour
   343 | D        | Reached XP level 6. HP: 43/57 MP: 1/7
   353 | D        | Killed an orc warrior
   360 | D        | Reached skill level 5 in Dodging
   372 | D        | Killed an eye of devastation
   393 | D        | Killed a necrophage
   395 | D        | Killed a five-headed hydra
   403 | D        | Killed a bog body
   423 | D        | Killed a deep elf master archer
   442 | D        | Noticed an ice beast
   447 | D        | Killed an ice beast
   447 | D        | Reached skill level 9 in Armour
   448 | D        | Killed a deep elf blademaster
   454 | D        | Noticed a sky beast
   459 | D        | Killed a sky beast
   459 | D        | Reached XP level 7. HP: 59/66 MP: 6/9
   462 | D        | Noticed a centaur
   462 | D        | Noticed an orc priest
   462 | D        | Noticed an orc wizard
   465 | D        | Killed an orc wizard
   465 | D        | Reached ** piety under Okawaru
   466 | D        | Killed a lich
   468 | D        | Killed a mummy priest
   473 | D        | Killed a centaur
   473 | D        | Reached skill level 5 in Invocations
   477 | D        | Killed an orc priest
   477 | D        | Reached skill level 10 in Armour
   564 | D        | Noticed a big kobold
   564 | D        | Noticed an elephant
   564 | D        | Noticed a polar bear
   574 | D        | Killed a polar bear
   574 | D        | Reached skill level 10 in Shields
   574 | D        | Killed a reaper
   582 | D        | Killed a big kobold
   582 | D        | Reached skill level 10 in Maces & Flails
   594 | D        | Killed an elephant
   594 | D        | Reached *** piety under Okawaru
   594 | D        | Reached skill level 11 in Armour
   594 | D        | Reached XP level 8. HP: 53/75 MP: 9/11
   600 | D        | Killed a frost giant
   737 | D        | Noticed a hippogriff
   738 | D        | Noticed a giant frog
   748 | D        | Killed a giant frog
   753 | D        | Killed a hippogriff
   786 | D        | Killed a hell beast
   794 | D        | Killed a catoblepas
   835 | D        | Killed a death knight
   850 | D        | Killed an acid blob
   879 | D        | Noticed a mottled dragon
   879 | D        | Noticed a fire drake
   879 | D        | Noticed a swamp drake
   879 | D        | Noticed a hellwing
   879 | D        | Noticed a griffon
   889 | D        | Killed a griffon
   889 | D        | Received a gift from Okawaru
   889 | D        | Reached **** piety under Okawaru
   901 | D        | Killed a mottled dragon
   901 | D        | Reached XP level 9. HP: 40/83 MP: 11/13
   919 | D        | Killed a hellwing
   919 | D        | Reached skill level 1 in Throwing
   919 | D        | Reached skill level 12 in Armour
   921 | D        | Killed a swamp drake
   930 | D        | Killed a fire drake
  1115 | D        | Killed a greater naga
  1118 | D        | Killed an unseen horror
  1157 | D        | Noticed a deep elf fighter
  1157 | D        | Noticed a killer bee
  1157 | D        | Noticed a killer bee
  1158 | D        | Noticed a blink frog
  1159 | D        | Killed a killer bee
  1162 | D        | Noticed a killer bee
  1162 | D        | Noticed a blink frog
  1163 | D        | Killed a killer bee
  1164 | D        | Noticed a killer bee
  1167 | D        | Killed a blink frog
  1169 | D        | Noticed a deep elf priest
  1170 | D        | Killed a killer bee
  1173 | D        | Killed a killer bee
  1174 | D        | Noticed a blink frog
  1177 | D        | Noticed a deep elf fighter
  1177 | D        | Killed a blink frog
  1184 | D        | Killed a deep elf fighter
  1188 | D        | Noticed a deep elf fighter
  1189 | D        | Killed a deep elf priest
  1189 | D        | Reached skill level 13 in Armour
  1190 | D        | Killed a deep elf fighter
  1191 | D        | Noticed a deep elf fighter
  1194 | D        | Killed a blink frog
  1194 | D        | Reached ***** piety under Okawaru
  1194 | D        | Reached skill level 10 in Fighting
  1201 | D        | Killed a deep elf fighter
  1201 | D        | Reached XP level 10. HP: 67/93 MP: 14/14
  1203 | D        | Noticed a hound
  1204 | D        | Noticed a blink frog
  1204 | D        | Noticed a wolf
  1204 | D        | Noticed a wolf
  1207 | D        | Noticed a wolf
  1207 | D        | Killed a wolf
  1208 | D        | Noticed a wolf
  1215 | D        | Killed a wolf
  1216 | D        | Killed a wolf
  1216 | D        | Received a gift from Okawaru
  1220 | D        | Killed a wolf
  1220 | D        | Killed a blink frog
  1222 | D        | Killed a deep elf fighter
  1228 | D        | Killed a hound
  1229 | D        | Killed a vault guard
  1296 | D        | Got a pair of jewelled gloves {god gift}
  1302 | D        | Identified the +4 pair of gloves of Zuezap {rCorr} (Okawaru gifted it to you in the Dungeon)
  1310 | D        | Noticed a demonic crawler
  1323 | D        | Killed a demonic crawler
  1329 | D        | Noticed a bog body
  1334 | D        | Killed a bog body
  1336 | D        | Noticed a deep elf fighter
  1350 | D        | Killed a deep elf fighter
  1362 | D        | Noticed a wyvern
  1363 | D        | Noticed a two-headed ogre
  1363 | D        | Noticed a centaur
  1366 | D        | Killed a ghoul
  1372 | D        | Killed a wyvern
  1375 | D        | Killed a two-headed ogre
  1375 | D        | Reached skill level 14 in Shields
  1377 | D        | Killed a centaur
  1447 | D        | Killed a hell beast
  1469 | D        | Noticed an orange demon
  1480 | D        | Killed an orange demon
  1496 | D        | Noticed a manticore
  1496 | D        | Noticed Josephine
  1496 | D        | Noticed a wraith
  1496 | D        | Noticed a wraith
  1496 | D        | Noticed a wraith
  1496 | D        | Noticed a gargoyle
  1496 | D        | Noticed a bog body
  1497 | D        | Noticed a wraith
  1497 | D        | Noticed a wraith
  1497 | D        | Noticed a phantasmal warrior
  1497 | D        | Noticed a hornet
  1497 | D        | Noticed an iguana
  1497 | D        | Noticed a hound
  1497 | D        | Noticed a two-headed ogre
  1498 | D        | Noticed an earth elemental
  1504 | D        | Noticed a merfolk
  1505 | D        | Noticed a merfolk impaler
  1505 | D        | Noticed a merfolk
  1506 | D        | Killed a wraith
  1506 | D        | Reached skill level 5 in Throwing
  1515 | D        | Killed a phantasmal warrior
  1518 | D        | Killed a bog body
  1526 | D        | Killed Josephine
  1532 | D        | Killed a hornet
  1532 | D        | Reached XP level 11. HP: 88/102 MP: 14/16
  1544 | D        | Killed a merfolk impaler
  1544 | D        | Reached skill level 10 in Dodging
  1547 | D        | Killed a manticore
  1547 | D        | Reached skill level 15 in Armour
  1547 | D        | Reached skill level 15 in Shields
  1553 | D        | Killed a wraith
  1553 | D        | Received a gift from Okawaru
  1557 | D        | Killed a merfolk
  1564 | D        | Killed a merfolk
  1570 | D        | Killed a wraith
  1573 | D        | Killed a hound
  1581 | D        | Killed an iguana
  1586 | D        | Killed a two-headed ogre
  1586 | D        | Reached skill level 15 in Maces & Flails
  1588 | D        | Killed a wraith
  1591 | D        | Killed a gargoyle
  1594 | D        | Killed a wraith
  1594 | D        | Reached ****** piety under Okawaru
  1601 | D        | Killed an earth elemental
  1795 | D        | Killed a titan
  1795 | D        | Killed a greater naga
  1840 | D        | Killed a sphinx
  1942 | D        | Noticed a centaur
  1942 | D        | Noticed a manticore
  1947 | D        | Killed a centaur
  1953 | D        | Killed a manticore
  2032 | D        | Noticed a freezing wraith
  2032 | D        | Noticed a frost giant
  2032 | D        | Noticed a sea snake
  2044 | D        | Killed a sea snake
  2047 | D        | Killed a frost giant
  2054 | D        | Killed a freezing wraith
  2054 | D        | Reached skill level 16 in Shields
  2248 | D        | Noticed a fire drake
  2250 | D        | Noticed an earth elemental
  2255 | D        | Killed a fire drake
  2255 | D        | Received a gift from Okawaru
  2256 | D        | Got a jewelled mace {god gift}
  2257 | D        | Identified the +8 mace of Earthquakes {crush, *Corrode rN+++ MP+9 Dex-5} (Okawaru gifted it to you in the Dungeon)
  2265 | D        | Killed an earth elemental
  2278 | D        | Noticed a skeletal warrior
  2279 | D        | Noticed a snapping turtle
  2280 | D        | Noticed a skeletal warrior
  2280 | D        | Noticed a skeletal warrior
  2302 | D        | Killed a skeletal warrior
  2316 | D        | Killed a snapping turtle
  2316 | D        | Reached skill level 10 in Invocations
  2320 | D        | Killed a skeletal warrior
  2336 | D        | Killed a skeletal warrior
  2563 | D        | Killed a titan
  2587 | D        | Noticed an ogre
  2588 | D        | Noticed a two-headed ogre
  2588 | D        | Noticed a small abomination
  2588 | D        | Noticed an ogre mage
  2588 | D        | Noticed an ogre
  2588 | D        | Noticed an ogre
  2588 | D        | Noticed an ogre
  2588 | D        | Noticed a giant leech
  2589 | D        | Noticed a two-headed ogre
  2591 | D        | Killed a two-headed ogre
  2591 | D        | Reached XP level 12. HP: 113/113 MP: 18/18
  2592 | D        | Killed a small abomination
  2593 | D        | Noticed an ogre
  2597 | D        | Killed an ogre
  2603 | D        | Killed an ogre
  2607 | D        | Killed a greater naga
  2610 | D        | Killed an ogre
  2613 | D        | Killed a giant leech
  2617 | D        | Killed a two-headed ogre
  2620 | D        | Killed an ogre
  2623 | D        | Killed an ogre
  2629 | D        | Killed an ogre mage
  2859 | D        | Noticed an orc knight
  2859 | D        | Noticed a troll
  2859 | D        | Noticed a mummy priest
  2860 | D        | Noticed a red devil
  2863 | D        | Noticed an orc warrior
  2864 | D        | Noticed a vampire mage
  2869 | D        | Killed a mummy priest
  2874 | D        | Killed a troll
  2886 | D        | Killed a vampire mage
  2886 | D        | Reached skill level 17 in Shields
  2890 | D        | Noticed a death knight
  2899 | D        | Noticed a spriggan rider
  2899 | D        | Noticed a small abomination
  2900 | D        | Noticed a flayed ghost
  2904 | D        | Killed an orc knight
  2918 | D        | Killed a death knight
  2924 | D        | Killed a flayed ghost
  2924 | D        | Received a gift from Okawaru
  2932 | D        | Killed a spriggan rider
  2932 | D        | Killed a wasp
  2940 | D        | Killed a small abomination
  2942 | D        | Noticed an earth elemental
  2943 | D        | Noticed an orc warrior
  2946 | D        | Killed a red devil
  2949 | D        | Killed an orc warrior
  2951 | D        | Noticed a swamp dragon
  2961 | D        | Killed a swamp dragon
  2964 | D        | Killed an earth elemental
  2965 | D        | Noticed a wraith
  2968 | D        | Noticed a trapdoor spider
  2970 | D        | Noticed a neqoxec
  2977 | D        | Killed a trapdoor spider
  2977 | D        | Received a gift from Okawaru
  2978 | D        | Got a pair of slimy boots {god gift}
  2980 | D        | Gained mutation: You are partially covered in rough black scales (AC +4, Dex -1). [a neqoxec]
  2981 | D        | Noticed an orc warrior
  2981 | D        | Noticed a guardian serpent
  2987 | D        | Killed a neqoxec
  3000 | D        | Killed a guardian serpent
  3006 | D        | Killed a wraith
  3009 | D        | Noticed a deep elf master archer
  3016 | D        | Killed an orc warrior
  3024 | D        | Killed a deep elf master archer
  3026 | D        | Got the ring of Lokuh {*Confuse rElec rF+ rC+ AC+3}
  3038 | D        | Gained mutation: Your magical capacity is low (-10% MP). [mutagenic meat]
  3039 | D        | Gained mutation: You are surrounded by a mild repulsion field (EV +2). [mutagenic meat]
  3040 | D        | Lost mutation: Your magical capacity is low (-10% MP). [mutagenic meat]
  3044 | D        | Killed an orc warrior
  3047 | D        | Gained mutation: You are frail (-10% HP). [mutagenic meat]
  3048 | D        | Gained mutation: You are weak. (Str -2) [mutagenic meat]
  3049 | D        | Gained mutation: Your natural rate of healing is unusually fast. [mutagenic meat]
  3087 | D        | Killed a greater mummy
  3097 | D        | Noticed a two-headed ogre
  3101 | D        | Killed a two-headed ogre
  3104 | D        | Noticed a hippogriff
  3106 | D        | Noticed a spriggan druid
  3108 | D        | Killed a hippogriff
  3119 | D        | Killed a spriggan druid
  3119 | D        | Reached skill level 18 in Armour
  3151 | D        | Identified the +3 pair of boots of Blue Skies {Str+3 Int+2} (Okawaru gifted it to you in the Dungeon)
  3155 | D        | Got the +5 quarterstaff of Zit Tada {freeze, rF+}
  3180 | D        | Noticed a wraith
  3181 | D        | Noticed a deep elf death mage
  3181 | D        | Noticed a deep troll
  3189 | D        | Killed a deep troll
  3198 | D        | Killed a deep elf death mage
  3204 | D        | Killed a wraith
  3309 | D        | Noticed a blink frog
  3315 | D        | Killed a blink frog
  3315 | D        | Reached XP level 13. HP: 108/110 MP: 20/20
  3350 | D        | Noticed a merfolk avatar
  3350 | D        | Noticed an eidolon
  3350 | D        | Noticed a sun demon
  3350 | D        | Noticed a deep elf master archer
  3350 | D        | Noticed a fire giant
  3350 | D        | Noticed a killer bee
  3350 | D        | Noticed a killer bee
  3350 | D        | Noticed a killer bee
  3358 | D        | Killed an eidolon
  3371 | D        | Killed a merfolk avatar
  3372 | D        | Killed a killer bee
  3376 | D        | Killed a fire giant
  3382 | D        | Killed a sun demon
  3392 | D        | Killed a deep elf master archer
  3395 | D        | Killed a killer bee
  3399 | D        | Killed a killer bee
  3488 | D        | Noticed a swamp dragon
  3499 | D        | Killed a swamp dragon
  3499 | D        | Reached skill level 10 in Throwing
  3701 | D        | Noticed an ophan
  3702 | D        | Noticed a balrug
  3703 | D        | Noticed a naga mage
  3703 | D        | Noticed a yellow draconian knight
  3706 | D        | Noticed a black draconian
  3708 | D        | Noticed a greater naga
  3709 | D        | Noticed a green draconian scorcher
  3714 | D        | Noticed a black draconian
  3715 | D        | Noticed a deep elf sorcerer
  3720 | D        | Killed an ophan
  3720 | D        | Received a gift from Okawaru
  3721 | D        | Noticed a purple draconian scorcher
  3725 | D        | Noticed a wizard
  3726 | D        | Noticed a greater naga
  3726 | D        | Killed a balrug
  3726 | D        | Reached skill level 19 in Armour
  3731 | D        | Noticed a deep elf high priest
  3734 | D        | Noticed a deep elf demonologist
  3745 | D        | Noticed a mottled draconian knight
  3745 | D        | Noticed a black draconian
  3745 | D        | Killed a green draconian scorcher
  3752 | D        | Noticed an Executioner
  3759 | D        | Noticed a yellow draconian
  3760 | D        | Killed a black draconian
  3765 | D        | Killed a deep elf sorcerer
  3767 | D        | Killed a wizard
  3783 | D        | Killed a greater naga
  3786 | D        | Killed a black draconian
  3789 | D        | Killed a yellow draconian knight
  3804 | D        | Killed a purple draconian scorcher
  3826 | D        | Killed a black draconian
  3831 | D        | Killed a naga mage
  3838 | D        | Killed a greater naga
  3838 | D        | Reached skill level 15 in Fighting
  3842 | D        | Killed a deep elf demonologist
  3842 | D        | Reached skill level 20 in Armour
  3849 | D        | Killed a deep elf high priest
  3849 | D        | Reached XP level 14. HP: 62/121 MP: 22/22
  3884 | D        | Killed a mottled draconian knight
  3898 | D        | Killed a yellow draconian
  3898 | D        | Received a gift from Okawaru
  4076 | D        | Noticed a rakshasa
  4077 | D        | Noticed a deep elf annihilator
  4079 | D        | Noticed a red draconian
  4083 | D        | Noticed a deep elf death mage
  4177 | D        | Killed a deep elf death mage
  4184 | D        | Killed a ghostly deep elf death mage
  4346 | D        | Killed a rakshasa
  4361 | D        | Killed a red draconian
  4408 | D        | Killed a deep elf annihilator
  4538 | D        | Got the ring of Baomula {rC+ rN+ Str+4}
  4540 | D        | Got the ring of Osups {rF+ MR+}
  4542 | D        | Got the ring of Ashexkuj {MP+9 EV+6 Str+3 SInv}
  4544 | D        | Got the ring "Enogaawu" {rElec Str+6}
  4546 | D        | Got the ring of Murchu Hetsi {MR+ AC+6}
  4548 | D        | Got the ring of the Oligarchy {AC+6 Str+4}
  4551 | D        | Got the ring of Simuifud {+Inv Str+4}
  4553 | D        | Got the ring "Geniwaomn" {Str+4 SInv}
  4555 | D        | Got the ring of Libeg {Ice rElec rPois rN+ Stlth-}
  4557 | D        | Got the ring "Zeucituf" {+Blink rPois}
  4559 | D        | Got the ring of the Saviour {rC+ MR+}
  4561 | D        | Got the ring "Qebapn" {EV+6 Stlth+}
  4564 | D        | Got the ring "Tidar" {+Fly MR+}
  4566 | D        | Got the ring "Tiat" {rF++ rN+ Slay-2}
  4602 | D        | Lost mutation: You are frail (-10% HP). [potion of cure mutation]
  4602 | D        | Lost mutation: Your natural rate of healing is unusually fast. [potion of cure mutation]
  4602 | D        | Lost mutation: You are weak. (Str -2) [potion of cure mutation]
  4602 | D        | Lost mutation: You are partially covered in rough black scales (AC +4, Dex -1). [potion of cure mutation]
  4602 | D        | Lost mutation: You are surrounded by a mild repulsion field (EV +2). [potion of cure mutation]
  4627 | D        | Noticed a deep elf blademaster
  4628 | D        | Noticed a storm dragon
  4646 | D        | Killed a deep elf blademaster
  4655 | D        | Killed a storm dragon
  4669 | D        | Noticed a sphinx
  4676 | D        | Paralysed by a sphinx for 4 turns
  4685 | D        | Killed a sphinx
  4726 | D        | Got the ring "Jung" {rN+ MR- Int+9 Dex-4 Stlth-}
  4752 | D        | Got the amulet of Agrum {Faith rF+ MR+ Str+4}
  4754 | D        | Got the amulet of the Firefly {+Rage Str-5 Int+6}
  4756 | D        | Got the amulet "Weitti" {Ward rN+ Slay+3}
  4758 | D        | Got the ring "Noif" {+Fly rElec rF- Dex+3 SInv}
  4760 | D        | Got the ring of Fybof {+Inv rC+ MR+ Dex-5 Slay+5 SInv}
  4762 | D        | Got the ring of the King {MR+ Str+4}
  4764 | D        | Got the amulet of Rewoich {Faith rElec}
  4766 | D        | Got the amulet of Cadag {Ward rC+ rN+ Dex+7}
  4768 | D        | Got the amulet of Kikiacabu {rMut Int+2 Dex+5 Slay-4}
  4770 | D        | Got the amulet of Yliaquh {Stasis +Inv rF- Int+4 SInv}
  4772 | D        | Got the amulet of Jemoas {Gourm +Blink Dex+4 Stlth+}
  4774 | D        | Got the ring "Ureobrah" {Fire rElec Dex+6 Stlth-}
  4776 | D        | Got the amulet "Mapneb Midist" {Faith +Inv Int+2}
  4892 | D        | Noticed a flayed ghost
  4892 | D        | Noticed an orc knight
  4892 | D        | Noticed an orc knight
  4892 | D        | Noticed an orc knight
  4892 | D        | Noticed an orc knight
  4892 | D        | Noticed an orc knight
  4893 | D        | Noticed an air elemental
  4893 | D        | Noticed an orc knight
  4893 | D        | Noticed an orc warlord
  4893 | D        | Noticed an orc knight
  4894 | D        | Noticed an orc warlord
  4898 | D        | Killed an air elemental
  4900 | D        | Noticed an orc knight
  4912 | D        | Killed an orc knight
  4921 | D        | Killed a flayed ghost
  4921 | D        | Reached skill level 1 in Stealth
  4921 | D        | Reached skill level 21 in Shields
  4921 | D        | Reached skill level 1 in Evocations
  4929 | D        | Killed an orc knight
  4942 | D        | Killed an orc warlord
  4955 | D        | Killed an orc knight
  4963 | D        | Killed an orc knight
  4975 | D        | Killed an orc knight
  4981 | D        | Killed an orc knight
  5017 | D        | Killed a green draconian knight
  5039 | D        | Killed an orc knight
  5100 | D        | Killed an orc knight
  5133 | D        | Noticed a wraith
  5153 | D        | Killed an orc warlord
  5156 | D        | Killed a wraith
  5204 | D        | Noticed a deep elf knight
  5204 | D        | Noticed an orc knight
  5206 | D        | Noticed a deep elf knight
  5206 | D        | Noticed a naga warrior
  5207 | D        | Noticed a naga warrior
  5212 | D        | Killed a deep elf knight
  5212 | D        | Received a gift from Okawaru
  5213 | D        | Noticed an iron troll
  5221 | D        | Killed an orc knight
  5226 | D        | Killed a deep elf knight
  5238 | D        | Killed a naga warrior
  5250 | D        | Killed an iron troll
  5261 | D        | Killed a naga warrior
  5333 | D        | Noticed a naga warrior
  5348 | D        | Noticed a naga warrior
  5351 | D        | Killed a naga warrior
  5352 | D        | Noticed a vault guard
  5365 | D        | Killed a naga warrior
  5365 | D        | Reached skill level 5 in Evocations
  5371 | D        | Killed a vault guard
  5372 | D        | Noticed a vault guard
  5373 | D        | Noticed an angel
  5374 | D        | Noticed a wolf spider
  5374 | D        | Noticed a deep elf knight
  5388 | D        | Killed a wolf spider
  5402 | D        | Killed an angel
  5402 | D        | Reached skill level 5 in Stealth
  5412 | D        | Killed a deep elf knight
  5412 | D        | Reached skill level 15 in Dodging
  5417 | D        | Killed a vault guard
  5734 | D        | Noticed a Hell Sentinel
  5765 | D        | Killed a Hell Sentinel
  5765 | D        | Reached XP level 15. HP: 49/147 MP: 24/24
  6061 | D        | Noticed a deep elf master archer
  6072 | D        | Killed a deep elf master archer
  6072 | D        | Received a gift from Okawaru
  6096 | D        | Noticed a Hell Sentinel
  6135 | D        | Killed a Hell Sentinel
  6135 | D        | Received a gift from Okawaru
  6135 | D        | Reached skill level 22 in Armour
  6493 | D        | Noticed a blizzard demon
  6497 | D        | Killed a blizzard demon
  6500 | D        | Noticed Lom Lobon
  6541 | D        | HP: 2/147 [Lom Lobon/great icy blast (56)]
  6541 | D        | Killed by an exploding ball lightning

Action                   |  1- 3 |  4- 6 |  7- 9 | 10-12 | 13-15 || total
-------------------------+-------+-------+-------+-------+-------++-------
Melee: Flail             |     7 |       |       |       |       ||     7
       Mace              |    33 |    35 |    42 |   270 |   696 ||  1076
       Morningstar       |       |       |    84 |   184 |       ||   268
Throw: Javelin           |       |       |     1 |       |     8 ||     9
       Tomahawk          |       |       |       |       |     8 ||     8
Invok: Heroism           |       |     2 |     4 |     9 |    14 ||    29
       Finesse           |       |       |       |     7 |    14 ||    21
Evoke: Wand              |       |       |       |       |     3 ||     3
  Use: Potion            |       |     1 |     2 |     4 |    24 ||    31
       Scroll            |       |       |       |     7 |     2 ||     9
 Stab: Confused          |       |       |       |       |     2 ||     2
  Eat: Chunk             |       |     2 |     2 |    15 |     6 ||    25
       Bread ration      |       |       |       |       |     2 ||     2
